Map: 2000 Atmospheres LE

Players

Warthog - Winner!

  • Race: Terran Terran
  • League: Diamond
  • Spawn Location: 7:00

Kakashi

  • Race: Protoss Protoss
  • League: Diamond
  • Spawn Location: 3:00

VOD

Have the link to the VOD?

Description

Time

  • Played on: Nov. 16, 2021, 6:17 p.m.
  • Length: 12:55
Show
View Real Time Build Order
Export as new Build Order

Warthog Terran - Winner!

Build Orders:  

Get SALT Encoding   

  12  0:01  SCV  
  13  0:14  SCV  
  13  0:19  Supply Depot  
  14  0:27  SCV  
  15  0:41  SCV  
  15  0:42  Barracks  
  16  0:45  Refinery  
  16  0:53  SCV  
  17  1:05  SCV  
  18  1:17  SCV  
  19  1:29  Marine  
  19  1:31  Orbital Command  
  20  1:46  Command Center  
  20  1:58  SCV  
  21  2:03  Factory  
  21  2:06  Barracks Reactor  
  21  2:10  SCV  
  22  2:19  Supply Depot  
  22  2:24  Bunker  
  22  2:26  SCV  
  22  2:29  Refinery  
  23  2:41  SCV  
  23  2:43  Marine  
  23  2:44  Marine  
  26  2:47  Hellion  
  28  2:53  Starport  
  28  2:56  SCV  
  29  3:02  Marine  
  30  3:07  Orbital Command  
  29  3:21  Marine x2  
  29  3:22  Hellion  
  29  3:23  SCV  
  34  3:30  Medivac  
  34  3:33  SCV  
  37  3:35  SCV  
  37  3:41  Supply Depot, Marine x2  
  38  3:45  Hellion  
  42  3:52  SCV x2  
  44  4:04  SCV  
  44  4:06  Marine x2  
  44  4:07  Factory Tech Lab, Starport Tech Lab  
  47  4:11  Barracks  
  47  4:12  Barracks  
  47  4:19  SCV x2  
  49  4:25  Supply Depot  
  49  4:27  Raven  
  52  4:31  SCV  
  52  4:45  Siege Tank  
  48  4:59  SCV x2  
  50  5:01  Barracks Tech Lab x2  
  50  5:03  Marine x2  
  46  5:10  Supply Depot, Command Center  
  46  5:11  SCV  
  46  5:13  SCV  
  48  5:21  Engineering Bay x2  
  48  5:23  SCV  
  48  5:25  SCV  
  50  5:28  Marine x3  
  50  5:29  Siege Tank, Marine  
  57  5:35  SCV  
  57  5:37  SCV  
  59  5:45  Refinery  
  59  5:46  Marine x2  
  59  5:47  Refinery, Starport Reactor  
  59  5:48  SCV  
  62  5:56  Marine x2  
  58  5:57  SCV  
  58  5:59  Terran Infantry Weapons Level 1  
  58  6:00  SCV, Terran Infantry Armor Level 1  
  58  6:04  Marine  
  60  6:09  SCV  
  60  6:10  Marine  
  63  6:11  Siege Tank  
  63  6:12  SCV  
  63  6:14  Marine  
  63  6:16  Marine  
  69  6:21  SCV  
  69  6:23  Orbital Command  
  70  6:26  SCV  
  70  6:27  Marine  
  70  6:29  Supply Depot  
  70  6:33  Supply Depot, Combat Shield  
  70  6:34  Stimpack  
  70  6:37  SCV  
  70  6:38  SCV  
  72  6:49  SCV x2  
  72  6:54  Marine x3  
  74  6:56  Viking  
  74  6:59  Siege Tank  
  82  7:07  Barracks  
  82  7:10  Barracks  
  82  7:12  Supply Depot  
  82  7:14  Armory  
  82  7:15  Marauder  
  84  7:26  SCV x3  
  87  7:37  Marauder, Marine x3  
  89  7:38  SCV x3  
  95  7:47  Orbital Command  
  95  7:50  SCV x2  
  97  7:54  Marine  
  98  8:02  SCV x2  
  98  8:03  Supply Depot  
  98  8:04  Supply Depot  
  98  8:05  Barracks Reactor, Medivac x2, Siege Tank  
  107  8:06  Concussive Shells, Marauder  
  109  8:14  Terran Infantry Weapons Level 2  
  109  8:16  Supply Depot  
  109  8:25  SCV x2, Marine x2  
  113  8:28  SCV  
  114  8:35  Medivac x2  
  114  8:37  SCV x2  
  114  8:40  SCV  
  121  8:46  Supply Depot  
  121  8:49  Supply Depot, SCV x2  
  121  8:50  Terran Infantry Armor Level 2  
  121  8:51  Terran Vehicle Weapons Level 1  
  121  8:52  SCV  
  121  8:54  Refinery x2  
  123  8:57  Marine  
  123  8:58  Marine x3  
  123  9:01  SCV x2  
  129  9:04  SCV  
  130  9:13  SCV  
  130  9:14  Medivac, Siege Tank, Marine  
  130  9:15  Marauder, Marine x2  
  130  9:16  Marine x2  
  143  9:19  Supply Depot  
  143  9:22  Supply Depot  
  143  9:25  Marine  
  130  9:33  Marauder  
  131  9:53  Marauder, Marine x4  
  131  9:54  Marauder, Marine  
  131  9:55  Factory  
  131  9:56  Factory  
  131  9:57  Siege Tank  
  143  10:04  Command Center, Medivac x2  
  147  10:07  Supply Depot  
  147  10:08  Supply Depot  
  147  10:09  Supply Depot  
  147  10:10  Marine  
  147  10:11  Marine x3  
  147  10:12  Marauder  
  153  10:14  Marauder, Marine  
  155  10:28  Marine x2  
  155  10:29  Siege Tank, Marine x2  
  155  10:33  Marauder x2  
  155  10:35  Marine  
  160  10:46  Marine  
  160  10:47  SCV, Marine x2  
  160  10:48  SCV  
  159  10:54  Marauder  
  158  10:59  SCV  
  159  11:09  SCV  
  146  11:12  SCV  
  146  11:13  Missile Turret  
  146  11:14  Missile Turret  
  144  11:21  SCV  
  137  11:26  Orbital Command  
  137  11:31  Command Center  
  132  11:35  Marauder, Marine x6  
  132  11:36  Siege Tank  
  143  11:47  Factory Tech Lab x2  
  143  11:49  Medivac x2  
  143  11:52  Supply Depot  
  143  11:53  Marauder, Marine  
  149  12:05  Marauder, Marine x2  
  149  12:08  Siege Tank  
  155  12:14  Marine  
  155  12:15  Marauder, Marine  
  159  12:17  Siege Tank x2  
Show
View Real Time Build Order
Export as new Build Order

Kakashi Protoss 

Build Orders:  

Get SALT Encoding   

  12  0:00  Probe (Chrono Boost)  
  13  0:10  Probe (Chrono Boost)  
  14  0:19  Pylon  
  14  0:21  Probe  
  15  0:39  Gateway  
  15  0:41  Probe  
  16  0:45  Assimilator  
  16  0:53  Probe  
  17  1:05  Probe (Chrono Boost)  
  18  1:16  Probe (Chrono Boost)  
  19  1:26  Cybernetics Core  
  19  1:29  Probe  
  20  1:45  Nexus  
  20  1:52  Pylon  
  20  1:59  Assimilator  
  20  2:02  Adept (Chrono Boost)  
  20  2:03  Warp Gate  
  22  2:20  Probe  
  23  2:32  Robotics Facility, Probe  
  24  2:42  Shield Battery  
  24  2:44  Probe, Stalker  
  27  3:01  Gateway  
  27  3:03  Probe x2  
  29  3:15  Probe x2  
  31  3:22  Warp Prism  
  31  3:31  Robotics Bay  
  31  3:33  Probe x2  
  35  3:45  Pylon  
  33  3:55  Stalker  
  35  4:06  Stalker  
  35  4:07  Disruptor  
  35  4:08  Probe x2  
  39  4:14  Pylon  
  39  4:16  Gravitic Drive (Chrono Boost)  
  39  4:21  Probe x2  
  44  4:25  Assimilator  
  44  4:35  Gateway  
  38  5:00  Stalker x2  
  42  5:23  Probe (Chrono Boost)  
  42  5:25  Probe (Chrono Boost)  
  44  5:35  Shield Battery  
  45  5:36  Probe (Chrono Boost), Gateway  
  45  5:41  Zealot, Probe (Chrono Boost)  
  45  5:42  Probe (Chrono Boost), Stalker  
  50  5:43  Assimilator  
  51  6:03  Observer  
  52  6:05  Pylon  
  52  6:12  Probe (Chrono Boost)  
  52  6:16  Probe (Chrono Boost)  
  54  6:22  Pylon  
  54  6:23  Disruptor  
  54  6:24  Probe (Chrono Boost)  
  59  6:26  Twilight Council  
  59  6:27  Probe (Chrono Boost)  
  59  6:34  Probe  
  59  6:36  Probe  
  61  6:47  Probe (Chrono Boost)  
  62  6:53  Probe (Chrono Boost)  
  63  6:58  Observer  
  63  6:59  Probe (Chrono Boost)  
  67  7:08  Immortal  
  68  7:09  Nexus  
  68  7:29  Probe x2, Pylon  
  69  7:34  Charge (Chrono Boost)  
  69  7:36  Pylon  
  69  7:41  Pylon  
  69  7:47  Disruptor, Gateway  
  72  7:57  Shield Battery  
  72  8:01  Forge  
  72  8:06  Stargate  
  72  8:07  Pylon  
  72  8:08  Zealot x2, Sentry  
  72  8:10  Pylon  
  78  8:19  Probe (Chrono Boost)  
  80  8:23  Probe (Chrono Boost)  
  80  8:26  Probe (Chrono Boost)  
  81  8:31  Zealot x3  
  88  8:34  Probe (Chrono Boost)  
  88  8:36  Sentry  
  90  8:43  Protoss Ground Weapons Level 1 (Chrono Boost)  
  90  8:54  Pylon  
  90  9:02  Zealot x3  
  94  9:03  Zealot x2  
  83  9:37  Zealot x2  
  80  9:39  Zealot x3  
  86  10:05  Nexus  
  86  10:07  Pylon  
  86  10:09  Pylon  
  85  10:15  Zealot x3  
  85  10:16  Zealot  
  93  10:35  Zealot x4  
  78  11:03  Zealot x4  
  78  11:04  Zealot  
  55  11:51  Probe  
  55  11:52  Zealot x2  
  55  11:53  Zealot  
  62  11:58  Zealot x2  
  62  12:00  Void Ray (Chrono Boost)  
  66  12:03  Probe  
  66  12:07  Dark Shrine  
Tags
 
Add a new tag
Caveats
  • Supply blocks, unpowered buildings, or Contaminate may cause inaccurate times.
  • Supply counts are checked every 10 seconds.